 Dungeon Crawl Stone Soup version 0.30.1-3-gfc49f6343a (webtiles) character file.

Game seed: 1315291215200594393

193 Anandil the Trooper (level 5, 0/42 HPs)
             Began as a Demonspawn Fighter on Aug 1, 2023.
             Slain by a scorpion (2 damage)
             ... on level 4 of the Dungeon.
             The game lasted 00:02:48 (2894 turns).

Anandil the Trooper (Demonspawn Fighter)            Turns: 2894, Time: 00:02:49

Health: 0/42       AC:  6    Str: 18    XL:     5   Next: 44%
Magic:  5/5        EV:  9    Int: 10    God:
Gold:   111        SH:  4    Dex: 12    Spells: 4/4 levels left

rFire   . . .        a - +0 trident
rCold   . . .        c - +0 buckler
rNeg    . . .        b - +0 scale mail
rPois   .            (helmet restricted)
rElec   .            (no cloak)
rCorr   .            (no gloves)
SInv    .            (no boots)
Will    .....        (no amulet) Stlth
                     (no ring)
HPRegen 0.27/turn    (no ring)
MPRegen 0.18/turn

%: no passive effects
@: lethally poisoned (0 -> -6)
A: antennae 1, magic regeneration
a: no special abilities


You were on level 4 of the Dungeon.
You visited 1 branch of the dungeon, and saw 4 of its levels.

You collected 111 gold pieces.

Inventory:

Hand Weapons
 a - a +0 trident (weapon)
Missiles
 u - 2 throwing nets (quivered)
Armour
 b - a +0 scale mail (worn)
 c - a +0 buckler (worn)
Scrolls
 e - 2 scrolls of noise {unknown}
 i - 3 scrolls of teleportation {unknown}
 l - 3 scrolls of identify {unknown}
 o - 4 scrolls of fear {unknown}
 q - a scroll of blinking {unknown}
 r - a scroll of amnesia {unknown}
 s - a scroll of magic mapping {unknown}
 t - a scroll of vulnerability {unknown}
Potions
 d - a potion of might
 f - a potion of mutation {unknown}
 g - a potion of magic {unknown}
 h - 3 potions of curing {unknown}
 j - 2 potions of berserk rage {unknown}
 k - a potion of degeneration {unknown}
 m - 2 potions of haste {unknown}
 n - a potion of flight {unknown}
 p - 3 potions of brilliance


   Skills:
 + Level 4.0 Fighting
 + Level 3.0 Polearms
 + Level 3.6 Armour
 + Level 3.6 Shields


You had 4 spell levels left.
You didn't know any spells.
Your spell library was empty.

Dungeon Overview and Level Annotations

Branches:
Dungeon (4/15)
 Temple: D:4-7

Altars:


Innate Abilities, Weirdness & Mutations

You have a pair of small antennae on your head.
You regenerate magic rapidly.


Message History

You hit the scorpion but do no damage.
The scorpion is moderately wounded.
The scorpion stings you but does no damage.
You hit the scorpion.
The scorpion is heavily wounded.
The scorpion stings you.
* * * LOW HITPOINT WARNING * * *
The scorpion stings you but does no damage.
You barely miss the scorpion.
The scorpion is heavily wounded.
The scorpion stings you.
* * * LOW HITPOINT WARNING * * *
You hit the scorpion.
The scorpion is severely wounded.
The scorpion stings you.
* * * LOW HITPOINT WARNING * * *
You block the scorpion's attack.
You barely miss the scorpion.
The scorpion is severely wounded.
The scorpion stings you but does no damage.
You barely miss the scorpion.
The scorpion is severely wounded.
The scorpion closely misses you.
You hit the scorpion but do no damage.
The scorpion is severely wounded.
You block the scorpion's attack. The scorpion stings you.
* * * LOW HITPOINT WARNING * * *
You are lethally poisoned!
The scorpion poisons you!
You hit the scorpion but do no damage.
The scorpion is severely wounded.
* * * LOW HITPOINT WARNING * * *
You feel very sick.
The scorpion stings you but does no damage.
You closely miss the scorpion.
The scorpion is severely wounded.
* * * LOW HITPOINT WARNING * * *
You feel very sick. The scorpion stings you.
You die...

#.....####....# ..
###.### ####.# .# #.#
#.# ###.##### #.#
#.###...#...#. #.
########.##..........
#....†...............
...########...........
###...))......
#.s@...#..⌠..#
#.....)## ....#
.........## .#..
#####...## # . ......
....... ..###... #.
##.##


You could see a scorpion.

Vanquished Creatures
  An iguana (D:4)
  Natasha (thrice) (D:2)
  2 adders (D:4)
  3 dart slugs
  3 orcs (D:4)
  5 ball pythons
  6 bats
  3 endoplasms
  3 giant cockroaches
  5 goblins
  4 hobgoblins
  3 jackals (D:1)
  6 quokkas
  3 frilled lizards
  9 kobolds
  2 rats
61 creatures vanquished.

Notes
Turn   | Place    | Note
-------+----------+-------------------------------------------
     0 | D:1      | Anandil the Demonspawn Fighter began the quest for the Orb.
     0 | D:1      | Reached XP level 1. HP: 18/18 MP: 1/1
   233 | D:1      | Gained mutation: You regenerate magic rapidly. [demonic
                  | ancestry]
   233 | D:1      | Reached XP level 2. HP: 21/24 MP: 2/2
   868 | D:2      | Gained mutation: You have a pair of small antennae on your
                  | head. [demonic ancestry]
   868 | D:2      | Reached XP level 3. HP: 25/29 MP: 3/3
  1326 | D:2      | Noticed Natasha
  1330 | D:2      | Killed Natasha
  1331 | D:2      | Reached XP level 4. HP: 33/35 MP: 4/4
  1532 | D:2      | Noticed Natasha
  1540 | D:2      | Killed Natasha
  1882 | D:2      | Noticed Natasha
  1892 | D:2      | Killed Natasha
  2744 | D:4      | Reached XP level 5. HP: 42/42 MP: 5/5
  2834 | D:4      | Reached skill level 4 in Fighting
  2894 | D:4      | HP: 2/42 [poisoned by a scorpion]
  2894 | D:4      | Slain by a scorpion

Illustrated notes

Levels and vault maps discovered:
D:1:      giann_forest_graveyard, layout_basic, minmay_pentomino_v2
D:2:      layout_loops_cross, minmay_tree_intersection, grunt_ministairs_14,
          uniq_natasha
D:3:      layout_loops_ring
D:4:      layout_rooms, minmay_temple_entry_waves

Skill      XL: |  1  2  3  4  5 |
---------------+----------------+-----
Polearms       | 2 3 |  3.0
Shields        | 3 |  3.6
Armour         | 3 |  3.6
Fighting       | 4 |  4.0

Action                     |  1- 3 |  4- 6 || total
---------------------------+-------+-------++-------
  Melee: Trident           |   104 |    89 ||   193
   Stab: Distracted        |     1 |       ||     1
 Armour: Scale mail        |    38 |    22 ||    60
  Dodge: Dodged            |    25 |    27 ||    52
  Block: Buckler           |    22 |    16 ||    38
